 Dungeon Crawl Stone Soup version 0.19.0-11-g3fc08b3 (webtiles) character file.

178 inmateoo the Skirmisher (level 5, -5/57 HPs)
             Began as an Ogre Wanderer on Nov 8, 2016.
             Slain by a killer bee zombie (8 damage)
             ... on level 5 of the Dungeon.
             The game lasted 00:03:00 (3112 turns).

inmateoo the Skirmisher (Ogre Wanderer)             Turns: 3112, Time: 00:03:01

Health: -5/57      AC:  3    Str: 18    XL:     5   Next: 58%
Magic:  8/8        EV: 10    Int: 10    God:
Gold:   195        SH:  0    Dex: 10    Spells: 0 memorised, 8 levels left

rFire  . . .     SeeInvis .     s - +0 flail
rCold  . . .     Gourm    +     d - +0 robe
rNeg   . . .     Faith    .     (no shield)
rPois  .         Spirit   .     (helmet restricted)
rElec  .         Reflect  .     (no cloak)
rCorr  .         Harm     .     (gloves unavailable)
MR     .....                    (boots unavailable)
Stlth  +.........               u - amulet of the gourmand
                                (no ring)
                                (no ring)

@: no status effects
A: unfitting armour, tough skin 1
a: no special abilities


You were on level 5 of the Dungeon.
You were hungry.

You visited 1 branch of the dungeon, and saw 5 of its levels.

You collected 195 gold pieces.

Inventory:

Hand Weapons
 a - a +3 hand crossbow
 s - a +0 flail (weapon)
Missiles
 b - 51 bolts
Armour
 d - a +0 robe (worn)
Jewellery
 u - an amulet of the gourmand (around neck)
Wands
 v - a wand of iceblast (2/15)
Scrolls
 e - 3 scrolls of amnesia
 g - a scroll of enchant weapon
 h - a scroll of identify
 i - a scroll of immolation
 j - a scroll of teleportation
 l - a scroll of fog {unknown}
 o - a scroll of recharging {unknown}
 p - 2 scrolls of remove curse
Potions
 q - 3 potions of flight
 t - a potion of cancellation
Comestibles
 f - 2 bread rations
 k - 2 meat rations
 m - a slice of pizza
 n - 2 fruits


   Skills:
 - Level 5.1 Fighting
 + Level 2.5 Maces & Flails
 - Level 1.3 Crossbows
 - Level 1.0 Throwing
 - Level 3.1 Dodging
 - Level 2.4 Spellcasting
   Level 1.0 Hexes
 - Level 1.0 Evocations


You had 8 spell levels left.
You didn't know any spells.

Dungeon Overview and Level Annotations

Branches:
Dungeon (5/15)
 Temple: D:4-7

Altars:
Nemelex Xobeh

Annotations:
D:4 Grinder


Innate Abilities, Weirdness & Mutations

You are too large for most types of armour.
You have tough skin. (AC +1)


Message History

You feel better.
The killer bee zombie hits you but does no damage.
The killer bee zombie hits you.
* * * LOW HITPOINT WARNING * * *
You feel better.
The killer bee zombie barely misses you.
The killer bee zombie hits you.
* * * LOW HITPOINT WARNING * * *
You closely miss the killer bee zombie.
The killer bee zombie is heavily damaged.
The killer bee zombie hits you.
* * * LOW HITPOINT WARNING * * *
The killer bee zombie hits you.
* * * LOW HITPOINT WARNING * * *
You barely miss the killer bee zombie.
The killer bee zombie is heavily damaged.
The killer bee zombie hits you.
* * * LOW HITPOINT WARNING * * *
The killer bee zombie hits you!
You die...

####.# #.# ###### #.#
###.....# #.# #........
#.# #........
#.######### #........
####.#.......###........
.............#..Z.......
####.#.####..#.#@.......
# ........#..#..........
#.#######.#..#.####..###
. ............# ..#
######.#..#.# .#
#.#....# # #.#.#..#
#.#.#..# #.#.#....


You could see a killer bee zombie.

Vanquished Creatures
  Natasha (twice) (D:3)
  A worker ant (D:5)
  3 adders
  An ooze (D:2)
  4 worms
  2 dart slugs (D:3)
  A leopard gecko (D:2)
  4 orcs
  A ball python (D:3)
  5 bats
  3 giant cockroaches
  3 goblins
  11 hobgoblins
  5 kobolds
  A quokka (D:2)
  3 frilled lizards
  2 rats (D:1)
52 creatures vanquished.

Notes
Turn   | Place    | Note
-------+----------+-------------------------------------------
     0 | D:1      | inmateoo the Ogre Wanderer began the quest for the Orb.
     0 | D:1      | inmateoo set off with: a +2 hand crossbow, 26 bolts, 2 potions of curing, a +0 robe, a bread ration
     0 | D:1      | Reached XP level 1. HP: 22/22 MP: 3/3
    48 | D:1      | Reached skill level 3 in Fighting
    89 | D:1      | Reached XP level 2. HP: 31/31 MP: 5/5
   860 | D:2      | Reached XP level 3. HP: 39/39 MP: 6/6
  1021 | D:2      | Reached skill level 4 in Fighting
  1090 | D:2      | Found a sparkling altar of Nemelex Xobeh.
  1522 | D:3      | Reached XP level 4. HP: 49/49 MP: 7/7
  2103 | D:3      | Noticed Natasha
  2110 | D:3      | Killed Natasha
  2110 | D:3      | Reached skill level 5 in Fighting
  2110 | D:3      | Reached XP level 5. HP: 37/57 MP: 8/8
  2509 | D:3      | Noticed Natasha
  2516 | D:3      | Killed Natasha
  2516 | D:3      | Reached skill level 1 in Maces & Flails
  2676 | D:4      | Noticed Grinder
  2693 | D:4      | Paralysed by Grinder for 7 turns
  2707 | D:4      | Paralysed by Grinder for 3 turns
  2710 | D:5      | Entered Level 5 of the Dungeon
  3112 | D:5      | Slain by a killer bee zombie

Skill      XL: |  1  2  3  4  5 |
---------------+----------------+-----
Fighting       | 3 4 5 |  5.1
Dodging        | 2 3 |  3.1
Maces & Flails | 2 |  2.5
Crossbows      | |  1.3
Throwing       | |  1.0
Spellcasting   | |  2.4
Hexes          | |  1.0
Evocations     | |  1.0

Action                   |  1- 3 |  4- 6 || total
-------------------------+-------+-------++-------
Melee: Flail             |       |    38 ||    38
 Fire: Hand crossbow     |    67 |    65 ||   132
  Use: Scroll            |       |    10 ||    10
       Potion            |       |     5 ||     5
  Eat: Chunk             |     2 |     2 ||     4
       Royal jelly       |       |     1 ||     1
Armor: Robe              |     4 |    16 ||    20
Dodge: Dodged            |     7 |    47 ||    54
